 Dungeon Crawl Stone Soup version 0.16-a0-3843-ged98c6c (webtiles) character file.

49 abixa the Charmwright (level 3, 0/24 HPs)
             Began as a High Elf Skald on Jan 30, 2015.
             Slain by a worm (7 damage)
             ... on level 2 of the Dungeon.
             The game lasted 00:05:43 (1556 turns).

abixa the Charmwright (High Elf Skald)              Turns: 1556, Time: 00:05:43

Health: 0/24       AC:  4    Str: 11    XL:     3   Next: 53%
Magic:  5/8        EV: 11    Int: 17    God:
Gold:   62         SH:  0    Dex: 14    Spells: 2 memorised, 3 levels left

rFire  . . .     SeeInvis .     a - +0 falchion
rCold  . . .     Clarity  .     b - +0 leather armour
rNeg   . . .     SustAb   .     (no shield)
rPois  .         Gourm    .     p - +0 helmet
rElec  .         Spirit   .     (no cloak)
rCorr  .         Warding  .     (no gloves)
rMut   .         Stasis   .     (no boots)
MR     .....                    (no amulet)
Stlth  +.........               (no ring)
                                (no ring)

@: infused, not resistant to hostile enchantments, very unstealthy
A: no striking features
a: no special abilities


You were on level 2 of the Dungeon.
You were not hungry.

You visited 1 branch of the dungeon, and saw 2 of its levels.

You collected 62 gold pieces.

Inventory:

Hand weapons
 a - a +0 falchion (weapon)
Missiles
 e - 49 arrows
 h - 21 poisoned needles
 i - 26 bolts
Armour
 b - a +0 leather armour (worn)
 p - a +0 helmet (worn)
 w - a +0 ring mail
Magical devices
 u - a wand of magic darts (26)
Scrolls
 j - a scroll of identify {unknown}
 l - 3 scrolls of recharging {unknown}
 q - a scroll of teleportation {unknown}
Potions
 f - a potion of brilliance {unknown}
 g - a potion of restore abilities {unknown}
 o - a potion of mutation {unknown}
 r - a potion of haste {unknown}
 s - a potion of lignification {unknown}
 v - a potion of curing {unknown}
Books
 c - a book of Battle

   Spells                             Type                      Level
   a - Infusion                       Charms                       1
   b - Shroud of Golubria             Charms/Translocation         2
   c - Song of Slaying                Charms                       2
   d - Spectral Weapon                Hexes/Charms                 3
   e - Regeneration                   Charms/Necromancy            3
Comestibles
 d - 2 bread rations
 k - a beef jerky
 m - 2 meat rations


   Skills:
 - Level 2.0 Fighting
 + Level 3.9 Long Blades
 - Level 0.8 Armour
 - Level 1.1 Dodging
 - Level 2.4 Spellcasting
 + Level 4.5 Charms


You had 3 spell levels left.
You knew the following spells:

 Your Spells              Type           Power        Failure   Level  Hunger
a - Infusion              Chrm           ###...       4%          1    #......
b - Song of Slaying       Chrm           ###.....     8%          2    ##.....


Dungeon Overview and Level Annotations

Branches:
Dungeon (2/15)

Altars:
Xom


Message History

The worm bites you!
You barely miss the worm.
The worm is severely wounded.
The worm bites you!
* * * LOW HITPOINT WARNING * * *
You see here a ball python corpse.
Throwing (i - inventory. (,) - cycle):
n - a tomahawk (quivered)
Press: ? - help, Shift-Dir - straight line, f/p - worm
Aim: a worm (severely wounded)
You throw a tomahawk.
The tomahawk hits the worm but does no damage.
The worm is severely wounded.
Throwing (i - inventory):
t - a stone (quivered)
Press: ? - help, Shift-Dir - straight line, f/p - worm
Aim: a worm (severely wounded)
You throw a stone. The stone barely misses the worm.
You hit the worm.
The worm is almost dead.
The worm bites you!
You die...

... #.# #(# #(######.
#. ##.........
####### #...####...#
......# #....†..(#.#
#####.# #...####†w.#
#####.###########@##
##.....# #.......###
##.##..####.##......#
## #..........##.#.#
......##.####..##.#.#
##.#####.# .......# #
# #.#.##..##.# #.#
#..##... ... ........


You could see a worm.

Vanquished Creatures
  2 giant geckos
  An ooze (D:1)
  4 giant cockroaches
  6 goblins (D:1)
  5 hobgoblins (D:1)
  6 jackals (D:1)
  A ball python (D:2)
  6 bats (D:1)
  4 giant newts
  7 kobolds
  2 rats
44 creatures vanquished.

Notes
Turn   | Place    | Note
--------------------------------------------------------------
     0 | D:1      | abixa, the High Elf Skald, began the quest for the Orb.
     0 | D:1      | Reached XP level 1. HP: 14/14 MP: 4/4
   220 | D:1      | Reached XP level 2. HP: 16/19 MP: 0/6
   554 | D:1      | Learned a level 2 spell: Song of Slaying
   619 | D:1      | Reached skill level 4 in Charms
   884 | D:1      | Reached XP level 3. HP: 20/24 MP: 0/8
  1452 | D:2      | Found a shimmering altar of Xom.
  1556 | D:2      | Slain by a worm

Action                   || total
-------------------------++-------
Melee: Falchion          ||   121
Throw: Stone             ||     2
       Tomahawk          ||     4
 Cast: Infusion          ||    16
  Eat: Chunk             ||     2
